 Dungeon Crawl Stone Soup version 0.29.1-15-g9cfb28693d (webtiles) character file.

Game seed: 11618749990958656281

2686072 duchin the Conqueror (level 27, 241/241 HPs)
             Began as a Palentonga Fighter on June 18, 2023.
             Was a High Priest of Okawaru.
             Escaped with the Orb
             ... and 4 runes!
             The game lasted 03:43:09 (56211 turns).

duchin the Conqueror (Palentonga Fighter)          Turns: 56211, Time: 03:43:09

Health: 241/241    AC: 47    Str: 40      XL:     27
Magic:  32/32      EV: 18    Int:  9 (11) God:    Okawaru [*****.]
Gold:   4702       SH: 32    Dex: 25      Spells: 26/26 levels left

rFire   + + .      SeeInvis +   b - +9 eveningstar (vorpal)
rCold   + + +      Faith    .   L - +7 tower shield of Tartarus {rN+ Str+4}
rNeg    + . .      Spirit   .   M - +6 gold dragon scales
rPois   +          Reflect  .   U - +0 hat of Wausen {rF+ Str+3}
rElec   +          Harm     .   y - +2 cloak {Stlth+}
rCorr   .          Rampage  .   Q - +0 pair of fencer's gloves {Riposte Dex+3}
Will    +++..                   N - +8 barding of Lifelessness {rElec Str+3}
Stlth   ..........              d - amulet of regeneration
HPRegen 2.10/turn               i - ring "Xemac" {*Slow rC+ AC+4 Dex+3 Slay+3}
MPRegen 0.23/turn               Z - ring "Riykofio" {Will+ Int+4}

@: studying Unarmed Combat
A: large, rugged brown scales 3, see invisible, deformed body, roll 1, armoured
tail, reflexive curl, beak, horns 1, agile 1, cold resistance 1, frail 1,
regeneration 1
0: Orb of Zot
}: 4/15 runes: serpentine, barnacled, silver, abyssal
a: Rolling Charge, Renounce Religion, Heroism, Finesse, Duel


You escaped.
You worshipped Okawaru.
Okawaru was extremely pleased with you.
You visited 10 branches of the dungeon, and saw 48 of its levels.
You visited the Abyss 2 times.
You visited 1 bazaar.
You visited 1 ziggurat, and saw 5 of its levels.
You also visited: Bailey, Gauntlet, Ice Cave and Desolation.

You collected 8763 gold pieces.
You spent 4061 gold pieces at shops.

Inventory:

Hand Weapons
 a - the +5 demon whip "Spellbinder" {antimagic, Will+}
   (Okawaru gifted it to you on level 4 of the Shoals)

   It reduces the magical energy of the wielder, and disrupts the spells and
   magical abilities of those it strikes.
   Natural abilities and divine invocations are not affected.
   It unleashes wild and unpredictable magical effects upon striking a wizard or
   a creature with magical abilities.
   Will:      It increases your willpower.
 b - a +9 vorpal eveningstar (weapon)
 r - a +3 sacred scourge of holy wrath
Armour
 y - a +2 cloak of stealth (worn)
 G - the +3 warlock's mirror {reflect}
   (You found it in a bailey)

   It can block and reflect piercing ranged attacks and magical attacks against
   the wielder's willpower.
 L - the +7 tower shield of Tartarus (worn) {rN+ Str+4}
   (Okawaru gifted it to you on level 4 of the Lair of Beasts)

   Str:       It affects your strength (+4).
   rN:        It protects you from negative energy.
 M - +6 gold dragon scales (worn)
 N - the +8 barding of Lifelessness (worn) {rElec Str+3}
   (Okawaru gifted it to you on level 2 of the Vaults)

   Str:       It affects your strength (+3).
   rElec:     It insulates you from electricity.
 Q - the +0 pair of fencer's gloves (worn) {Riposte Dex+3}
   (You found it on level 14 of the Dungeon)

   It allows the wearer to riposte with melee weapons, swiftly retaliating
   against missed or blocked melee attacks.
   Dex:       It affects your dexterity (+3).
 U - the +0 hat of Wausen (worn) {rF+ Str+3}
   (Okawaru gifted it to you on level 1 of the Orcish Mines)

   Str:       It affects your strength (+3).
   rF:        It protects you from fire.
Jewellery
 d - an amulet of regeneration (around neck)
 i - the ring "Xemac" (left hand) {*Slow rC+ AC+4 Dex+3 Slay+3}
   (You acquired it on level 1 of the Vaults)

   [ring of protection]

   AC:        It affects your AC (+4).
   Dex:       It affects your dexterity (+3).
   Slay:      It affects your accuracy & damage with ranged weapons and melee
   (+3).
   rC:        It protects you from cold.
   *Slow:     It may slow you when you take damage.
 z - the ring "Hifuysh" {rF+ rC+ Str+6}
   (You took it off a vampire knight on level 2 of the Depths)

   [ring of strength]

   Str:       It affects your strength (+6).
   rF:        It protects you from fire.
   rC:        It protects you from cold.
 C - a ring of flight
 D - a ring of positive energy
 V - a ring of resist corrosion
 Z - the ring "Riykofio" (right hand) {Will+ Int+4}
   (You took it off a merfolk impaler on level 3 of the Shoals)

   [ring of willpower]

   Int:       It affects your intelligence (+4).
   Will:      It increases your willpower.
Wands
 c - a wand of polymorph (31)
 n - a wand of digging (13)
 o - a wand of flame (55)
 t - a wand of iceblast (43)
 A - a wand of paralysis (41)
 E - a wand of mindburst (22)
 R - a wand of light (4)
Scrolls
 e - 12 scrolls of teleportation
 f - 3 scrolls of brand weapon
 q - 11 scrolls of magic mapping
 u - 16 scrolls of poison
 w - 11 scrolls of fog
 x - 9 scrolls of fear
 I - 10 scrolls of immolation
 K - 4 scrolls of blinking
 P - 3 scrolls of silence
Potions
 g - 9 potions of mutation
 h - 5 potions of berserk rage
 k - 22 potions of curing
 l - 6 potions of heal wounds
 m - 16 potions of attraction
 p - 3 potions of resistance
 s - 8 potions of magic
 v - a potion of ambrosia
 B - 7 potions of haste
 F - 10 potions of lignification
 H - 4 potions of flight
 S - 11 potions of might
 X - 3 potions of invisibility
Miscellaneous
 j - a phial of floods
 J - a condenser vane
 T - a tin of tremorstones (2/2)
 W - a lightning rod (4/4)


   Skills:
 O Level 27 Fighting
 - Level 16.0 Maces & Flails
 + Level 15.0 Armour
 + Level 22.4 Dodging
 + Level 21.7 Shields
 - Level 12.0 Invocations


You had 26 spell levels left.
You didn't know any spells.
Your spell library contained the following spells:

 Spells                   Type           Power      Damage    Failure   Level
 Apportation              Tloc           0%         N/A       99%         1
 Foxfire                  Conj/Fire      0%         2x1d4     99%         1
 Necrotise                Necr           0%         1d4       99%         1
 Shock                    Conj/Air       0%         1d3       99%         1
 Slow                     Hex            0%         N/A       99%         1
 Sting                    Tmut/Pois      0%         1d3       99%         1
 Blink                    Tloc           0%         N/A       100%        2
 Ensorcelled Hibernation  Hex/Ice        0%         N/A       100%        2
 Passwall                 Tmut/Erth      0%         N/A       100%        2
 Poisonous Vapours        Pois/Air       0%         N/A       100%        2
 Scorch                   Fire           0%         2d5       100%        2
 Sublimation of Blood     Necr           0%         N/A       100%        2
 Confusing Touch          Hex            0%         N/A       100%        3
 Dazzling Flash           Conj/Hex       0%         N/A       100%        3
 Gell's Gravitas          Tloc           0%         N/A       100%        3
 Ignite Poison            Fire/Tmut/Pois 0%         N/A       100%        3
 Inner Flame              Hex/Fire       0%         N/A       100%        3
 Lesser Beckoning         Tloc           0%         N/A       100%        3
 Mephitic Cloud           Conj/Pois/Air  0%         N/A       100%        3
 Portal Projectile        Hex/Tloc       0%         N/A       100%        3
 Spider Form              Tmut/Pois      0%         N/A       100%        3
 Swiftness                Air            0%         N/A       100%        3
 Teleport Other           Tloc           0%         N/A       100%        3
 Vampiric Draining        Necr           0%         2d6       100%        3
 Airstrike                Air            0%         2d(0-16)  100%        4
 Anguish                  Hex/Necr       0%         N/A       100%        4
 Cause Fear               Hex            0%         N/A       100%        4
 Corpse Rot               Necr/Pois/Air  0%         N/A       100%        4
 Flame Wave               Conj/Fire      0%         2d4       100%        4
 Fulminant Prism          Conj/Hex       0%         3d6       100%        4
 Iskenderun's Mystic Bla  Conj/Tloc      0%         2d3       100%        4
 Leda's Liquefaction      Hex/Erth       0%         N/A       100%        4
 Olgreb's Toxic Radiance  Pois           0%         N/A       100%        4
 Sticky Flame             Conj/Fire      0%         2d3       100%        4
 Agony                    Necr           0%         N/A       100%        5
 Borgnjor's Vile Clutch   Necr/Erth      0%         N/A       100%        5
 Fireball                 Conj/Fire      0%         3d3       100%        5
 Freezing Cloud           Conj/Ice/Air   0%         6-21      100%        5
 Lee's Rapid Deconstruct  Erth           0%         3d5*      100%        5
 Lightning Bolt           Conj/Air       0%         1d11      100%        5
 Manifold Assault         Tloc           0%         N/A       100%        5
 Metabolic Englaciation   Hex/Ice        0%         N/A       100%        5
 Conjure Ball Lightning   Conj/Air       0%         3x3d6     100%        6
 Dispersal                Tloc           0%         N/A       100%        6
 Eringya's Noxious Bog    Tmut/Pois      0%         N/A       100%        6
 Starburst                Conj/Fire      0%         6d3       100%        6
 Statue Form              Tmut/Erth      0%         N/A       100%        6
 Ozocubu's Refrigeration  Ice            0%         4d7       100%        7
 Discord                  Hex            0%         N/A       100%        8
 Disjunction              Tloc           0%         N/A       100%        8
 Ignition                 Fire           0%         3d3       100%        8
 Necromutation            Tmut/Necr      0%         N/A       100%        8
 Fire Storm               Conj/Fire      0%         5d1       100%        9
 Polar Vortex             Ice            0%         N/A       100%        9
 Summon Small Mammal      Summ           Unusable   N/A       N/A         1
 Call Canine Familiar     Summ           Unusable   N/A       N/A         3
 Summon Lightning Spire   Summ/Air       Unusable   N/A       N/A         4
 Summon Forest            Summ/Tloc      Unusable   N/A       N/A         5
 Death Channel            Necr           Unusable   N/A       N/A         6
 Simulacrum               Ice/Necr       Unusable   N/A       N/A         6
 Summon Cactus Giant      Summ           Unusable   N/A       N/A         6
 Summon Hydra             Summ           Unusable   N/A       N/A         7

Dungeon Overview and Level Annotations

Branches:
Dungeon (15/15)            Temple (1/1) D:4            Lair (5/5) D:10
 Shoals (4/4) Lair:2        Snake (4/4) Lair:2        Slime (0/5) Lair:4
    Orc (2/2) D:11            Elf (3/3) Orc:2        Vaults (5/5) D:14
  Crypt (0/3) Vaults:3     Depths (4/4) D:15            Zot (5/5) Depths:4
 Bailey (visited)           IceCv (visited)         Desolation (visited)
Gauntlet (visited)

Altars:
Ashenzari
Cheibriados
Dithmenos
Elyvilon
Fedhas
Gozag
Hepliaklqana
Kikubaaqudgha
Makhleb
Nemelex Xobeh
Okawaru
Qazlal
Ru
Sif Muna
Trog
Uskayaw
Vehumet
Wu Jian
Xom
Yredelemnul
Zin
The Shining One
Jiyva

Shops:
D:3 (   Orc:2 ![?   Elf:3 :   Snake:1 ?[   Snake:3 ??   Vaults:3 !
Vaults:5 ??!!?   Depths:1 *   Depths:3 ::=

Portals:
Hell: Depths:1 Depths:2 Depths:3 Depths:4
Abyss: Lair:3 Depths:3 Depths:4
Pandemonium: Depths:2 Depths:4


Innate Abilities, Weirdness & Mutations

You are completely covered in rugged brown scales. (AC +3, +7% HP)
You have supernaturally acute eyesight. (SInv)
Armour fits poorly on your strangely shaped body.
You can roll at nearby foes to attack.
You have a long armoured tail.
You curl defensively after being hit. (AC +7*)
You have a beak for a mouth.
You have a pair of small horns on your head.
You are agile. (Dex +4, Str/Int -1)
Your flesh is cold resistant. (rC+)
You are frail. (-10% HP)
Your natural rate of healing is unusually fast.


Message History

(D) Dungeon (T) Temple (L) Lair (A) Shoals (P) Snake Pit (M) Slime Pits (O) Orcish Mines (E) Elven Halls (V) Vaults (C) Crypt (U) Depths (H) Hell (Z) Zot
Where to? (Enter - D:1 @ (x,y), ? - help)
There is a stone staircase leading up here.
You climb upwards.
The jelly quivers.
There is a stone staircase leading down here.
A jelly is nearby!
You roll forward with a clatter of scales!
You hammer the jelly like a gong!!!
You kill the jelly!
Okawaru accepts your kill.
(D) Dungeon (T) Temple (L) Lair (A) Shoals (P) Snake Pit (M) Slime Pits (O) Orcish Mines (E) Elven Halls (V) Vaults (C) Crypt (U) Depths (H) Hell (Z) Zot
Where to? (Enter - D:1 @ (x,y), ? - help)
There is a stone staircase leading up here.
You climb upwards.
There is a stone staircase leading down here.
There is a stone staircase leading up here.
You climb upwards.
There is a stone staircase leading down here.
There is a stone staircase leading up here.
You climb upwards.
There is a stone staircase leading down here.
There is a stone staircase leading up here.
You climb upwards.
There is a stone staircase leading down here.
There is a stone staircase leading up here.
You climb upwards.
There is a stone staircase leading down here.
There is a stone staircase leading up here.
You climb upwards.
There is a stone staircase leading down here.
You see here a +0 scale mail.
There is a staircase leading out of the dungeon here.
You have escaped!

#..###......#####..
#...##....##.....##
#.###....##########
#.###...###.# #.#
#.##...## #.####.#
#>##..## #......# #.#..##
#..##### ###.## #..# #####
#@########..#
#...#######......†).######
#.#......##..#####........
#...#######..# #########
##.## #..#
#...#######..###########
#......................#
#...##################.#
##.## #.#


There were no monsters in sight!

Vanquished Creatures
  3 dread liches
  4 ancient liches
  6 orbs of fire
  2 juggernauts
  Sojobo (Arena)
  7 Killer Klowns
  Bai Suzhen (Shoals:3)
  Parghit (Zot:1)
  2 curse toes
  13 caustic shrikes
  12 golden dragons
  Nikola (Vaults:2)
  Jory (Vaults:5)
  2 bone dragons
  The ghost of TuffENuff the Warrior, an adept FoFi of Cheibriados (Snake:2)
  Mlioglotl (Snake:1)
  5 electric golems
  A pandemonium lord (D:15)
  The ghost of ymhsbmbesitwf the Minotaur Porcupine, an adept MiBe of Trog (Shoals:4)
  4 liches
  25 Orb Guardians (Zot:5)
  22 tentacled monstrosities
  3 deep elf blademasters
  A walking earthen tome (Depths:4)
  3 walking divine tomes
  A kraken (Shoals:3)
  4 deep elf master archers (Elf:3)
  Asterion (Arena)
  7 quicksilver dragons
  8 titans
  3 tentacled starspawn (Abyss:3)
  Polyphemus (Shoals:3)
  11 death cobs
  An Executioner (Zot:5)
  2 ancient champions (Vaults:4)
  Frances (D:13)
  7 sphinxes
  An acid blob (Depths:1)
  Gastronok (D:9)
  10 shadow dragons
  Agnes (D:15)
  11 tengu reavers
  11 storm dragons
  Donald (Elf:2)
  5 nagarajas
  5 draconian monks
  The ghost of Arrenar the Fighter, an adept GrFi of Ashenzari (Shoals:3)
  3 rockslimes (Depths:1)
  12 fire giants
  A daeva (Depths:1)
  7 draconian knights
  Roxanne (Shoals:1)
  6 deep elf sorcerers
  3 azure jellies (Depths:1)
  9 vault wardens
  11 frost giants
  2 orc warlords
  6 iron dragons
  Louise (Elf:3)
  5 ghost moths
  4 angels
  A balrug (Zot:5)
  9 draconian scorchers
  2 deep elf elementalists (Elf:3)
  8 draconian shifters
  17 ironbound preservers
  A draconian stormcaller (Zot:1)
  4 draconian annihilators
  5 quicksilver oozes
  53 very ugly things
  2 war gargoyles (Vaults:5)
  A spriggan defender (Vaults:4)
  4 vampire knights
  The ghost of Ijustatesigmund the Gargoyle Aeon, a journeyman GrEE of Cheibriados (Shoals:1)
  2 reapers
  26 stone giants
  6 ironbound thunderhulks
  8 green draconians
  A bunyip (shapeshifter) (Vaults:5)
  15 dire elephants
  A minotaur (Gauntlet)
  3 deep elf demonologists
  Nessos (Lair:5)
  10 purple draconians
  4 deep elf annihilators (Elf:3)
  An entropy weaver (shapeshifter) (Vaults:5)
  9 red draconians
  7 yellow draconians
  7 spark wasps
  3 entropy weavers
  11 white draconians
  11 black draconians
  11 deep elf death magi
  12 merfolk impalers
  The ghost of H0rd4k the Cruncher, a journeyman HuAr of Gozag (Lair:3)
  An eidolon (Abyss:3)
  A ragged hierophant (Desolation)
  9 ettins
  Josephine (Shoals:1)
  12 fire dragons
  4 merfolk javelineers (Shoals:4)
  15 yaktaur captains
  4 crystal guardians
  6 deep elf high priests
  12 ice dragons
  3 servants of whispers (Desolation)
  3 jiangshi (Abyss:3)
  6 hydras
  2 boulder beetles
  2 rakshasas
  29 vault guards
  4 salamander tyrants
  7 spriggan air magi
  10 great orbs of eyes
  A ghost crab (Zig:1)
  8 ironbound frosthearts
  A merfolk avatar (Shoals:4)
  An ice dragon (shapeshifter) (Vaults:5)
  2 catoblepae
  10 anacondas
  6 peacekeepers
  A two-headed ogre (shapeshifter) (Vaults:5)
  A spriggan skeleton (Abyss:3)
  9 centaur warriors
  5 merfolk aquamancers
  24 dancing weapons
  2 ogre magi
  An alligator (shapeshifter) (Vaults:5)
  3 tengu warriors
  3 two-headed ogres
  2 vampire magi
  6 orc high priests
  6 deep troll shamans
  16 naga warriors
  14 death yaks
  A death yak (shapeshifter) (Vaults:5)
  7 shock serpents
  8 deep troll earth magi
  A thrashing horror (Abyss:3)
  16 deep elf knights
  5 spriggan berserkers (Depths:2)
  Urug (D:12)
  13 naga sharpshooters
  4 sun demons
  5 hell knights (Depths:4)
  9 salamander mystics
  A spectral death yak (Lair:5)
  3 sixfirhies
  A wretched star (Abyss:3)
  5 iron trolls
  A cherub (D:12)
  8 spatial maelstroms
  A death drake (Zot:1)
  9 sea snakes
  A sea snake (shapeshifter) (Vaults:5)
  2 flayed ghosts (Depths:2)
  2 swamp dragons (shapeshifter)
  57 deep trolls
  An obsidian statue (Lair:5)
  A spectral anaconda (Lair:5)
  2 orb spiders (Zig:2)
  A steelbarb worm (shapeshifter) (Vaults:5)
  3 spectral merfolk (Shoals:1)
  6 wizards
  6 glowing orange brains
  4 lindwurms
  A swamp dragon (Zot:1)
  An orange crystal statue (Shoals:1)
  6 phantasmal warriors
  10 deep elf archers
  A glowing orange brain (shapeshifter) (Depths:4)
  21 ironbound convokers
  17 naga ritualists
  33 harpies
  28 deep elf zephyrmancers
  23 deep elf pyromancers
  A tengu skeleton (Vaults:4)
  A mana viper (shapeshifter) (Vaults:5)
  14 mana vipers
  9 necromancers
  5 shining eyes (Depths:1)
  12 orc knights
  8 cyclopes
  A frost giant zombie (Vaults:4)
  A will-o-the-wisp (Abyss:3)
  10 manticores
  21 ugly things
  A faun (shapeshifter) (Vaults:5)
  6 orc sorcerers
  6 fauns (Shoals:2)
  4 merfolk sirens
  33 moths of wrath
  A moth of wrath (shapeshifter) (Vaults:5)
  23 salamanders
  3 worldbinders
  19 naga magi
  An elephant (shapeshifter) (Depths:3)
  2 ice statues (IceCv)
  Joseph (D:7)
  25 vault sentinels
  38 black mambas
  2 guardian serpents
  22 elephants
  A spectral sea snake (Shoals:1)
  8 water nymphs
  3 apocalypse crabs
  2 molten gargoyles (Desolation)
  A torpor snail (Gauntlet)
  A guardian serpent (shapeshifter) (D:14)
  2 centaur zombies (D:15)
  An eye of devastation (Lair:4)
  3 smoke demons
  4 gargoyles
  Maggie (D:6)
  A centaur skeleton (D:15)
  A demonic crawler (Zig:2)
  9 cane toads
  5 unseen horrors
  7 kobold demonologists
  An efreet (Depths:4)
  6 komodo dragons
  A rime drake (Lair:3)
  35 yaktaurs
  2 anaconda simulacra (IceCv)
  2 freezing wraiths
  3 tengu conjurers
  A tormentor (Abyss:3)
  7 ice devils (IceCv)
  A komodo dragon (shapeshifter) (D:13)
  4 ancient zymes
  43 merfolk
  A spectral harpy (Shoals:1)
  3 meliai (D:15)
  2 trolls (Orc:1)
  A polar bear (Lair:5)
  2 hornets
  A troll (shapeshifter) (Elf:1)
  20 blink frogs
  Prince Ribbit (Lair:3)
  8 saltlings (Desolation)
  A raiju (shapeshifter) (Vaults:5)
  4 raiju
  29 slime creatures
  A spectral elephant (Lair:5)
  A slime creature (shapeshifter) (Zig:4)
  9 dream sheep
  10 snapping turtles
  A spectral wind drake (Shoals:1)
  A centaur simulacrum (D:15)
  A shadow (D:10)
  2 spriggans
  4 flying skulls (Abyss:3)
  11 water elementals
  A dire elephant simulacrum (Lair:5)
  5 air elementals
  A jumping spider (shapeshifter) (Vaults:5)
  7 wraiths
  5 ynoxinuls
  A vampire (D:14)
  4 wyverns
  3 fire elementals
  69 yaks
  7 redbacks
  2 chaos spawn
  3 redbacks (shapeshifter)
  6 golden eyes (Depths:1)
  2 death yak simulacra
  A steam dragon (Lair:1)
  9 vampire mosquitoes
  16 large abominations
  A yaktaur simulacrum (Vaults:4)
  2 basilisks
  2 neqoxecs
  A spectral cane toad (Lair:5)
  39 nagas
  A sea snake simulacrum (Shoals:1)
  4 wargs
  A harpy simulacrum (IceCv)
  4 spatial vortices (Abyss:3)
  A hydra simulacrum (IceCv)
  2 acid dragons
  22 water moccasins
  4 floating eyes
  56 orc warriors
  An ice beast (D:7)
  A merfolk simulacrum (Shoals:1)
  2 elephant zombies (Lair:5)
  3 sky beasts
  6 ogres
  20 wolves
  A centaur (shapeshifter) (Depths:2)
  5 centaurs
  3 elephant skeletons (Lair:5)
  A phantom (D:6)
  9 kobold brigands
  9 bullfrogs
  2 necrophages
  An earth elemental (Elf:3)
  An elf zombie (Elf:1)
  5 gnoll sergeants
  A water nymph simulacrum (Shoals:1)
  3 cane toad simulacra
  2 two-headed ogre simulacra (IceCv)
  2 scorpions (D:4)
  2 elephant simulacra (IceCv)
  10 killer bees
  6 electric eels
  4 howler monkeys
  19 starcursed masses (Abyss:3)
  A hound (D:5)
  33 orc priests
  2 jellies
  A gnoll bouda (D:8)
  6 iguanas
  An iron imp (Abyss:3)
  Natasha (thrice) (D:2 D:4)
  20 orc wizards
  A lightning spire (Zot:2)
  3 troll simulacra (IceCv)
  14 small abominations
  A wolf simulacrum (IceCv)
  30 gnolls
  2 naga simulacra (IceCv)
  6 adders
  A shadow imp (D:7)
  17 white imps
  6 ufetubi
  2 worms
  108 orcs
  13 ball pythons
  9 endoplasms
  4 giant cockroaches
  14 goblins
  8 hobgoblins
  2 jackals (D:2)
  3 quokkas
  4 bats
  3 frilled lizards (D:1)
  14 kobolds
  7 rats
  A tentacle (Shoals:3)
2406 creatures vanquished.

Vanquished Creatures (collateral kills)
  A gnoll (Bailey)
  An orc (Bailey)
2 creatures vanquished.

Vanquished Creatures (others)
  A golden dragon (Zot:1)
  A deep elf knight (Elf:1)
  A deep elf zephyrmancer (Elf:1)
  A yaktaur (Vaults:5)
  A merfolk (Shoals:4)
  A saltling (Desolation)
  A spriggan (Zig:1)
  An orc priest (Vaults:5)
  An orc (Orc:2)
  A hobgoblin (Bailey)
  12 fungi
  133 plants
  8 starspawn tentacles (Abyss:3)
  4 tentacles (Shoals:3)
  23 withered plants
190 creatures vanquished.

Grand Total: 2598 creatures vanquished

Notes
Turn   | Place    | Note
-------+----------+-------------------------------------------
     0 | D:1      | duchin the Palentonga Fighter began the quest for the Orb.
     0 | D:1      | Reached XP level 1. HP: 19/19 MP: 1/1
   243 | D:1      | Reached XP level 2. HP: 25/25 MP: 2/2
   659 | D:1      | Found a faded altar of an unknown god.
   873 | D:2      | Reached XP level 3. HP: 31/31 MP: 3/3
   899 | D:2      | Noticed Natasha
   902 | D:2      | Killed Natasha
   954 | D:2      | Reached XP level 4. HP: 34/37 MP: 4/4
  1042 | D:2      | Noticed Natasha
  2211 | D:3      | Found Sofeg's Antique Weapon Shoppe.
  2219 | D:3      | Bought a transparent whip for 180 gold pieces
  2219 | D:3      | Identified the +10 whip of the Flying Moth {antimagic,
                  | rPois Int+10} (You bought it in a shop on level 3 of the
                  | Dungeon)
  2249 | D:3      | Reached skill level 5 in Maces & Flails
  2264 | D:3      | Found a hide-covered altar of Uskayaw.
  2811 | D:4      | Reached XP level 5. HP: 42/43 MP: 1/5
  3113 | D:4      | Reached XP level 6. HP: 39/50 MP: 2/6
  3314 | D:4      | Found a staircase to the Ecumenical Temple.
  3321 | Temple   | Entered the Ecumenical Temple
  3530 | D:4      | Killed Natasha
  3556 | D:4      | Noticed Natasha
  3561 | D:4      | Killed Natasha
  3660 | D:4      | Found a basalt altar of Yredelemnul.
  3804 | D:5      | Entered Level 5 of the Dungeon
  3975 | D:5      | Found a burning altar of Makhleb.
  4052 | D:5      | Gained mutation: You curl defensively after being hit. (AC
                  | +7*) [Palentonga growth]
  4052 | D:5      | Reached XP level 7. HP: 55/55 MP: 2/7
  4178 | D:5      | Found an ancient bone altar of Kikubaaqudgha.
  4636 | D:6      | Noticed Maggie
  4654 | D:6      | Killed Maggie
  4656 | D:6      | Reached XP level 8. HP: 16/62 MP: 2/8
  5096 | D:6      | Found a broken altar of Ashenzari.
  5315 | D:6      | Reached skill level 10 in Maces & Flails
  5474 | D:7      | Found a sparkling altar of Nemelex Xobeh.
  5796 | D:7      | Noticed Joseph
  5803 | D:7      | Paralysed by Joseph for 5 turns
  5813 | D:7      | Killed Joseph
  5966 | D:7      | Reached XP level 9. HP: 67/67 MP: 3/9
  6286 | D:8      | Found a flagged portal.
  6298 | Bailey   | Entered a bailey
  6323 | Bailey   | Noticed an orc knight
  6353 | Bailey   | Killed an orc knight
  6892 | Bailey   | Found the +3 warlock's mirror {reflect}
  7391 | Bailey   | Noticed an orc knight
  7405 | Bailey   | Killed an orc knight
  7406 | Bailey   | Reached skill level 4 in Fighting
  7406 | Bailey   | Reached XP level 10. HP: 27/75 MP: 3/10
  7693 | Bailey   | Found an iron altar of Okawaru.
  7693 | Bailey   | Noticed an orc high priest
  7718 | Bailey   | Killed an orc high priest
  7719 | Bailey   | Reached skill level 5 in Fighting
  7720 | Bailey   | Became a worshipper of Warmaster Okawaru
  7721 | Bailey   | Found the +9 staff of Olgreb {rPois∞}
  7724 | Bailey   | Acquired an amulet of regeneration
  8241 | D:8      | Noticed a boulder beetle
  8274 | D:8      | Noticed Psyche
  8274 | D:8      | Noticed Psyche
  8274 | D:8      | Psyche changed into Psyche the water moccasin
  8277 | D:8      | Killed Psyche the water moccasin
  8773 | D:8      | Reached skill level 6 in Fighting
  9086 | D:9      | Reached * piety under Okawaru
  9092 | D:9      | Reached skill level 15 in Maces & Flails
  9271 | D:9      | Reached skill level 7 in Fighting
  9299 | D:9      | Noticed Gastronok
  9314 | D:9      | Killed Gastronok
  9314 | D:9      | Reached ** piety under Okawaru
  9315 | D:9      | Reached XP level 11. HP: 67/89 MP: 3/11
  9588 | D:10     | Entered Level 10 of the Dungeon
  9624 | D:10     | Noticed a death yak
  9643 | D:10     | Noticed a death yak
  9650 | D:9      | Reached skill level 1 in Invocations
  9773 | D:10     | Reached *** piety under Okawaru
  9810 | D:9      | Reached skill level 8 in Fighting
 10009 | D:10     | Found a snail-covered altar of Cheibriados.
 10016 | D:10     | Noticed a death yak
 10038 | D:10     | Killed a death yak
 10038 | D:10     | Reached **** piety under Okawaru
 10052 | D:10     | Killed a death yak
 10127 | D:10     | Killed a death yak
 10155 | D:10     | Reached skill level 9 in Fighting
 10205 | D:10     | Found a staircase to the Lair.
 10227 | D:10     | Reached skill level 5 in Invocations
 10299 | D:10     | Reached ***** piety under Okawaru
 10302 | D:10     | Noticed a sixfirhy
 10470 | D:10     | Found a white marble altar of Elyvilon.
 10607 | D:10     | Found an iron altar of Okawaru.
 11017 | D:10     | Reached skill level 10 in Fighting
 11322 | D:11     | Noticed a centaur warrior
 11341 | D:11     | Reached XP level 12. HP: 84/105 MP: 5/15
 11348 | D:11     | Killed a centaur warrior
 11349 | D:11     | Reached skill level 11 in Fighting
 11458 | D:11     | Noticed a two-headed ogre
 11464 | D:11     | Killed a two-headed ogre
 11761 | D:11     | Reached skill level 12 in Fighting
 12232 | D:11     | Found a staircase to the Orcish Mines.
 12517 | D:12     | Noticed a two-headed ogre
 12537 | D:12     | Killed a two-headed ogre
 12538 | D:12     | Reached skill level 5 in Shields
 12747 | D:12     | Received a gift from Okawaru
 13026 | D:12     | Noticed Urug
 13036 | D:12     | Killed Urug
 13236 | D:13     | Reached ****** piety under Okawaru
 13256 | D:13     | Noticed Frances
 13268 | D:13     | Killed Frances
 13382 | D:13     | Noticed a centaur warrior
 13389 | D:13     | Killed a centaur warrior
 13389 | D:13     | Identified the +7 crystal plate armour of the Bull {Contam
                  | Harm rPois Slay+2} (Okawaru gifted it to you on level 13 of
                  | the Dungeon)
 13389 | D:13     | Received a gift from Okawaru
 13734 | D:13     | Reached XP level 13. HP: 115/115 MP: 16/16
 14302 | D:14     | Found the +0 pair of fencer's gloves {Riposte Dex+3}
 14381 | D:14     | Reached skill level 10 in Shields
 14620 | D:14     | Found an iron altar of Okawaru.
 14756 | D:14     | Identified the +3 trident of the Fray {flame, Str+3 Dex+5}
                  | (Okawaru gifted it to you on level 14 of the Dungeon)
 14756 | D:14     | Received a gift from Okawaru
 14819 | D:14     | Found a gate to the Vaults.
 15136 | D:15     | Entered Level 15 of the Dungeon
 15255 | D:15     | Noticed Agnes
 15275 | D:15     | Killed Agnes
 15281 | D:15     | Received a gift from Okawaru
 15520 | D:15     | Found a staircase to the Depths.
 16123 | Orc:1    | Entered Level 1 of the Orcish Mines
 16163 | Orc:1    | Noticed an orc warlord
 16164 | Orc:1    | Paralysed by an orc sorcerer for 5 turns
 16172 | Orc:1    | Paralysed by an orc sorcerer for 2 turns
 16202 | Orc:1    | Killed an orc warlord
 16203 | Orc:1    | Reached XP level 14. HP: 62/123 MP: 20/20
 16272 | Orc:1    | Identified the +0 hat of Wausen {rF+ Str+3} (Okawaru gifted
                  | it to you on level 1 of the Orcish Mines)
 16272 | Orc:1    | Received a gift from Okawaru
 16609 | Orc:2    | Entered Level 2 of the Orcish Mines
 16609 | Orc:2    | Found a gate leading to a gauntlet.
 16618 | Gauntlet | Entered a Gauntlet
 16618 | Gauntlet | Found a transporter.
 16618 | Gauntlet | Found a transporter.
 16633 | Gauntlet | Found a transporter.
 16638 | Gauntlet | Found a transporter.
 16648 | Gauntlet | Found a transporter.
 16650 | Gauntlet | Found a transporter.
 16658 | Gauntlet | Found a transporter.
 16678 | Gauntlet | Found a transporter.
 16695 | Gauntlet | Found a transporter.
 16699 | Gauntlet | Found a transporter.
 16707 | Gauntlet | Found a transporter.
 16711 | Gauntlet | Found a transporter.
 16767 | Gauntlet | Reached skill level 10 in Invocations
 16902 | Gauntlet | Identified the amulet of the Wonderful God {Spirit *Corrode
                  | Fragile rPois Dex+7}
 17243 | Orc:2    | Found a staircase to the Elven Halls.
 17729 | Orc:2    | Received a gift from Okawaru
 17730 | Orc:2    | Reached skill level 13 in Fighting
 17971 | Orc:2    | Received a gift from Okawaru
 18099 | Orc:2    | Found Amux's Magic Scroll Boutique.
 18099 | Orc:2    | Found Muangu's Antique Armour Boutique.
 18100 | Orc:2    | Found Viwky's Armour Shop.
 18100 | Orc:2    | Found Ynawaah's Distillery.
 18517 | Orc:2    | Bought a potion of mutation for 112 gold pieces
 18517 | Orc:2    | Bought a potion of might for 56 gold pieces
 18517 | Orc:2    | Bought a potion of curing for 42 gold pieces
 18517 | Orc:2    | Bought a potion of mutation for 112 gold pieces
 18518 | Orc:2    | Gained mutation: You are occasionally teleported next to
                  | monsters. [potion of mutation]
 18518 | Orc:2    | Gained mutation: You have a pair of small horns on your
                  | head. [potion of mutation]
 18518 | Orc:2    | Gained mutation: You can roll at foes to attack. [potion of
                  | mutation]
 18519 | Orc:2    | Lost mutation: You have a pair of small horns on your head.
                  | [potion of mutation]
 18519 | Orc:2    | Lost mutation: You are occasionally teleported next to
                  | monsters. [potion of mutation]
 18519 | Orc:2    | Lost mutation: You can roll at foes to attack. [potion of
                  | mutation]
 18519 | Orc:2    | Gained mutation: You have large cloven feet. [potion of
                  | mutation]
 18519 | Orc:2    | Gained mutation: You have a pair of small antennae on your
                  | head. [potion of mutation]
 18519 | Orc:2    | Gained mutation: Your spells are a little easier to cast,
                  | but a little less powerful. [potion of mutation]
 18520 | Orc:2    | Lost mutation: Your spells are a little easier to cast, but
                  | a little less powerful. [potion of mutation]
 18520 | Orc:2    | Lost mutation: You have large cloven feet. [potion of
                  | mutation]
 18520 | Orc:2    | Gained mutation: You are agile. (Dex +4, Str/Int -1)
                  | [potion of mutation]
 18520 | Orc:2    | Gained mutation: Your flesh is heat resistant. (rF+)
                  | [potion of mutation]
 18529 | Orc:2    | Bought a scroll of fear for 48 gold pieces
 18529 | Orc:2    | Bought a scroll of teleportation for 36 gold pieces
 18529 | Orc:2    | Bought a scroll of poison for 48 gold pieces
 18729 | Lair:1   | Entered Level 1 of the Lair of Beasts
 19013 | Lair:1   | Reached skill level 14 in Fighting
 19614 | Lair:2   | Found a staircase to the Snake Pit.
 19620 | Lair:2   | Received a gift from Okawaru
 19791 | Lair:2   | Found a staircase to the Shoals.
 19917 | Lair:2   | Reached XP level 15. HP: 135/135 MP: 24/24
 20282 | Lair:2   | Acquired 630 gold pieces
 20373 | Lair:3   | Found a frozen archway.
 20394 | Lair:3   | Reached skill level 15 in Fighting
 20407 | Lair:3   | Noticed Prince Ribbit
 20411 | IceCv    | Entered an ice cave
 20966 | Lair:3   | Killed Prince Ribbit
 21032 | Lair:3   | Identified the +1 leather armour of Discretion {rF- Str+8
                  | Dex+6}
 21048 | Lair:3   | Found a transporter.
 21107 | Lair:3   | Found a shimmering altar of Xom.
 21198 | Lair:3   | Reached skill level 16 in Fighting
 21293 | Lair:3   | Found the +4 skin of Zhor {*Englaciate rC+++ SInv}
 21309 | Lair:3   | Found a transporter.
 21365 | Lair:3   | Found a one-way gate to the infinite horrors of the Abyss.
 21365 | Lair:3   | Noticed H0rd4k's ghost (journeyman HuAr)
 21908 | Lair:4   | Paralysed by a floating eye for 3 turns
 21919 | Lair:4   | Found a staircase to the Slime Pits.
 21944 | Lair:4   | Identified the +7 tower shield of Tartarus {rN+ Str+4}
                  | (Okawaru gifted it to you on level 4 of the Lair of Beasts)
 21944 | Lair:4   | Received a gift from Okawaru
 22332 | Lair:5   | Entered Level 5 of the Lair of Beasts
 22565 | Lair:5   | Noticed Nessos
 22582 | Lair:5   | Killed Nessos
 22583 | Lair:5   | Reached skill level 17 in Fighting
 23492 | Lair:5   | Received a gift from Okawaru
 23602 | Lair:5   | Reached XP level 16. HP: 129/146 MP: 25/25
 24093 | Lair:3   | Killed H0rd4k's ghost
 24456 | Depths:1 | Entered Level 1 of the Depths
 24481 | Depths:1 | Found a gateway to Hell.
 24568 | Depths:1 | Noticed an acid blob
 24818 | Shoals:1 | Entered Level 1 of the Shoals
 24869 | Shoals:1 | Reached skill level 18 in Fighting
 24948 | Shoals:1 | Noticed Josephine
 24959 | Shoals:1 | Killed Josephine
 24980 | Shoals:1 | Identified the +6 great sword "Qorostet" {flame, MP+9
                  | Str+2}
 25157 | Shoals:1 | Found a runed translucent gate.
 25158 | Shoals:1 | Found a runed translucent gate.
 25209 | Shoals:1 | Found a runed translucent gate.
 25214 | Shoals:1 | Noticed Ijustatesigmund's ghost (journeyman GrEE)
 25277 | Shoals:1 | Identified the +2 barding "Zuagag" {Dex+2} (Okawaru gifted
                  | it to you on level 1 of the Shoals)
 25277 | Shoals:1 | Received a gift from Okawaru
 25437 | Shoals:1 | Noticed Roxanne
 25445 | Shoals:1 | Killed Roxanne
 25826 | Shoals:1 | Killed Ijustatesigmund's ghost
 25925 | Shoals:2 | Found a flickering gateway to a bazaar.
 25938 | Bazaar   | Entered a bazaar
 25954 | Bazaar   | Found Ypseigh's Weapon Shoppe.
 25955 | Bazaar   | Found Liphib's Book Shoppe.
 25998 | Bazaar   | Found Zemagod's General Store.
 25998 | Bazaar   | Found Raewnaext's Distillery.
 26020 | Bazaar   | Bought a potion of might for 28 gold pieces
 26020 | Bazaar   | Bought a potion of mutation for 56 gold pieces
 26020 | Bazaar   | Bought a potion of curing for 21 gold pieces
 26020 | Bazaar   | Bought a potion of heal wounds for 35 gold pieces
 26032 | Bazaar   | Bought a potion of curing for 48 gold pieces
 26032 | Bazaar   | Bought a potion of heal wounds for 80 gold pieces
 26831 | Shoals:3 | Noticed Polyphemus
 26861 | Shoals:3 | Killed Polyphemus
 26950 | Shoals:3 | Noticed Arrenar's ghost (adept GrFi)
 26956 | Shoals:3 | Found a runed translucent door.
 27237 | Shoals:3 | Reached skill level 19 in Fighting
 27456 | Shoals:3 | Noticed a kraken
 27469 | Shoals:3 | Killed a kraken
 27562 | Shoals:3 | Noticed a tentacled monstrosity
 27569 | Shoals:3 | Killed a tentacled monstrosity
 27569 | Shoals:3 | Received a gift from Okawaru
 27570 | Shoals:3 | Reached skill level 15 in Shields
 27579 | Shoals:3 | Identified the ring "Riykofio" {Will+ Int+4}
 27681 | Shoals:3 | Reached XP level 17. HP: 163/163 MP: 26/26
 27858 | Shoals:3 | Killed Arrenar's ghost
 27947 | Shoals:4 | Entered Level 4 of the Shoals
 27947 | Shoals:4 | Noticed ymhsbmbesitwf's ghost (adept MiBe)
 27947 | Shoals:4 | Found a runed translucent door.
 27961 | Shoals:4 | Noticed Bai Suzhen
 27990 | Shoals:3 | Killed Bai Suzhen
 27991 | Shoals:3 | Reached skill level 1 in Dodging
 28234 | Arena    | Entered the Arena
 28585 | Arena    | Entered the Arena
 29047 | Shoals:4 | Got the Encyclopedia of the Doomed Map
 29064 | Shoals:4 | Got a barnacled rune of Zot
 29094 | Shoals:4 | Reached skill level 20 in Fighting
 29226 | Shoals:4 | Reached skill level 5 in Dodging
 29381 | Shoals:4 | Identified the +3 mace of the First Things {vorpal, rCorr
                  | Str+5 Dex+3}
 29700 | Shoals:4 | Killed ymhsbmbesitwf's ghost
 29700 | Shoals:4 | Received a gift from Okawaru
 29700 | Shoals:4 | Found the +5 demon whip "Spellbinder" {antimagic, Will+}
 29867 | Snake:1  | Entered Level 1 of the Snake Pit
 30032 | Snake:1  | Found Xuadoor's Armour Shoppe.
 30032 | Snake:1  | Found Luhoi's Magic Scroll Emporium.
 30100 | Snake:1  | Bought a scroll of poison for 48 gold pieces
 30100 | Snake:1  | Bought a scroll of fear for 48 gold pieces
 30100 | Snake:1  | Bought a scroll of enchant weapon for 90 gold pieces
 30100 | Snake:1  | Bought a scroll of brand weapon for 114 gold pieces
 30100 | Snake:1  | Bought a scroll of teleportation for 36 gold pieces
 30274 | Snake:1  | Noticed Mlioglotl
 30288 | Snake:1  | Killed Mlioglotl
 30676 | Snake:1  | Identified the +3 barding "Xeacw" {rPois Str+6} (Okawaru
                  | gifted it to you on level 1 of the Snake Pit)
 30676 | Snake:1  | Received a gift from Okawaru
 31151 | Snake:2  | Found a runed translucent door.
 31151 | Snake:2  | Found a shimmering altar of Xom.
 31151 | Snake:2  | Noticed TuffENuff's ghost (adept FoFi)
 31191 | Snake:2  | Reached XP level 18. HP: 143/173 MP: 21/27
 31251 | Snake:2  | Identified the +4 robe "Roudoka" {Dex+2}
 31449 | Snake:2  | Reached skill level 10 in Dodging
 32229 | Snake:3  | Identified the +0 helmet of the Abyss {rC- rN+ Str+5}
 32316 | Snake:3  | Identified the +2 animal skin of the Loofah {*Slow rF++
                  | Will+ Stlth+} (Okawaru gifted it to you on level 3 of the
                  | Snake Pit)
 32316 | Snake:3  | Received a gift from Okawaru
 32385 | Snake:3  | Found Muupt's Magic Scroll Shoppe.
 32393 | Snake:3  | Bought a scroll of blinking for 127 gold pieces
 32393 | Snake:3  | Bought a scroll of fear for 68 gold pieces
 32393 | Snake:3  | Bought a scroll of magic mapping for 127 gold pieces
 32393 | Snake:3  | Found Suqaos's Magic Scroll Shoppe.
 32397 | Snake:3  | Bought a scroll of poison for 48 gold pieces
 32397 | Snake:3  | Bought a scroll of blinking for 90 gold pieces
 32994 | Snake:4  | Entered Level 4 of the Snake Pit
 33366 | Snake:4  | Received a gift from Okawaru
 34030 | Snake:4  | Got a serpentine rune of Zot
 34035 | Snake:4  | Reached XP level 19. HP: 180/180 MP: 28/28
 34448 | Vaults:1 | Entered Level 1 of the Vaults
 34520 | Vaults:1 | Acquired the ring "Xemac" {*Slow rC+ AC+4 Dex+3 Slay+3}
 34631 | Vaults:1 | Received a gift from Okawaru
 34671 | Vaults:1 | Found a crumbling gateway.
 34673 | Vaults:1 | Found a glowing golden altar of the Shining One.
 34673 | Vaults:1 | Found a white marble altar of Elyvilon.
 34673 | Vaults:1 | Found a glowing silver altar of Zin.
 34692 | Desolati | Entered the Desolation of Salt
 34809 | Desolati | Found the +9 scales of the Dragon King {rPois rF+ rC+
                  | Will+}
 34957 | Vaults:1 | Identified the +8 rapier of Duviunt {protect, rElec rPois
                  | rN+++ rCorr Str-3}
 35089 | Vaults:1 | Reached skill level 15 in Dodging
 35424 | Vaults:1 | Identified the ring of Guithrill {Wiz Drain rElec rF+
                  | Dex+3}
 35817 | Vaults:2 | Reached skill level 21 in Fighting
 35851 | Vaults:2 | Identified the ring of the Invisible Hand {Wiz rPois rF-
                  | rC++ Str+2}
 35914 | Vaults:2 | Identified the +8 barding of Lifelessness {rElec Str+3}
                  | (Okawaru gifted it to you on level 2 of the Vaults)
 35914 | Vaults:2 | Received a gift from Okawaru
 35949 | Vaults:2 | Noticed Nikola
 35957 | Vaults:2 | Killed Nikola
 36775 | Vaults:3 | Reached skill level 22 in Fighting
 36785 | Vaults:3 | Reached XP level 20. HP: 184/194 MP: 29/29
 37211 | Vaults:3 | Identified the +0 barding of Wonder {Fly Str+3 Dex+4}
                  | (Okawaru gifted it to you on level 3 of the Vaults)
 37211 | Vaults:3 | Received a gift from Okawaru
 37297 | Vaults:3 | Reached skill level 23 in Fighting
 37362 | Vaults:3 | Found a staircase to the Crypt.
 38048 | Vaults:3 | Found Bifeatz's Distillery.
 38052 | Vaults:3 | Bought a potion of might for 56 gold pieces
 38052 | Vaults:3 | Bought a potion of curing for 42 gold pieces
 38052 | Vaults:3 | Bought a potion of heal wounds for 70 gold pieces
 38052 | Vaults:3 | Bought a potion of curing for 42 gold pieces
 38247 | Vaults:4 | Noticed Asterion
 38248 | Vaults:4 | Noticed Sojobo
 38252 | Arena    | Entered the Arena
 38256 | Arena    | Killed Sojobo
 38273 | Arena    | Entered the Arena
 38279 | Arena    | Killed Asterion
 38293 | Vaults:4 | Reached skill level 24 in Fighting
 38519 | Vaults:4 | Received a gift from Okawaru
 39222 | Vaults:4 | Received a gift from Okawaru
 39222 | Vaults:4 | Found the +7 great mace "Firestarter" {inner flame, rF++}
 39462 | Depths:1 | Reached XP level 21. HP: 210/210 MP: 30/30
 39507 | Depths:1 | Reached skill level 25 in Fighting
 39603 | Depths:1 | Found a viscous altar of Jiyva.
 39801 | Depths:1 | Found Raunk's Neck Hole.
 39832 | Depths:1 | Found a one-way gateway to a ziggurat.
 39848 | Depths:1 | Received a gift from Okawaru
 40130 | Depths:2 | Found a one-way gate leading to the halls of Pandemonium.
 40199 | Depths:2 | Identified the ring "Ossapife" {Ice *Slow Will- Int+3
                  | Dex+4}
 40240 | Depths:2 | Identified the +1 scale mail of the Peculiar Deaths {Harm
                  | rPois Will+}
 40402 | Depths:2 | Reached skill level 26 in Fighting
 40527 | Depths:2 | Noticed a golden dragon
 40538 | Depths:2 | Killed a golden dragon
 40556 | Depths:2 | Identified the amulet of Uskayaw's Reproof {RegenMP +Blink
                  | Will+ MP+9 Int+5}
 40557 | Depths:2 | Noticed a caustic shrike
 40558 | Depths:2 | Noticed a caustic shrike
 40894 | Depths:2 | Identified the +10 mace of Okawaru's Generosity {elec,
                  | rElec rPois Will+ Str-2} (Okawaru gifted it to you on level
                  | 2 of the Depths)
 40894 | Depths:2 | Received a gift from Okawaru
 40929 | Depths:2 | Noticed a juggernaut
 40948 | Depths:2 | Killed a juggernaut
 40952 | Depths:2 | Killed a caustic shrike
 41067 | Depths:2 | Identified the ring "Hifuysh" {rF+ rC+ Str+6}
 41123 | Depths:2 | Paralysed by a vampire knight for 2 turns
 41141 | Depths:2 | Killed a caustic shrike
 41360 | Depths:2 | Reached skill level 5 in Armour
 41495 | Depths:3 | Reached XP level 22. HP: 225/225 MP: 31/31
 41940 | Depths:3 | Noticed a golden dragon
 41945 | Depths:3 | Killed a golden dragon
 41961 | Depths:3 | Received a gift from Okawaru
 42454 | Depths:3 | Found Locodyr's Jewellery Boutique.
 42454 | Depths:3 | Found Uwkimes's Book Emporium.
 42454 | Depths:3 | Found Lufaowev's Book Emporium.
 42532 | Depths:3 | Found a snail-covered altar of Cheibriados.
 42534 | Depths:3 | Found a glowing silver altar of Zin.
 42534 | Depths:3 | Found a shimmering altar of Xom.
 42536 | Depths:3 | Found a shimmering blue altar of Sif Muna.
 42536 | Depths:3 | Found a shimmering altar of Xom.
 42536 | Depths:3 | Found a blossoming altar of Fedhas.
 42930 | Depths:4 | Entered Level 4 of the Depths
 43000 | Depths:4 | Received a gift from Okawaru
 43179 | Depths:4 | Reached skill level 10 in Armour
 43250 | Depths:4 | Noticed a golden dragon
 43257 | Depths:4 | Killed a golden dragon
 43300 | Depths:4 | Noticed a caustic shrike
 43304 | Depths:4 | Noticed a caustic shrike
 43305 | Depths:4 | Noticed a caustic shrike
 43307 | Depths:4 | Killed a caustic shrike
 43317 | Depths:4 | Killed a caustic shrike
 43320 | Depths:4 | Killed a caustic shrike
 43321 | Abyss:3  | Cast into level 3 of the Abyss (hell knight)
 43446 | Abyss:3  | Paralysed by accursed screaming for 2 turns
 43453 | Abyss:3  | Paralysed by accursed screaming for 2 turns
 43473 | Abyss:3  | Received a gift from Okawaru
 43502 | Abyss:3  | Found an opulent altar of Gozag.
 43634 | Abyss:3  | Got an abyssal rune of Zot
 43652 | Depths:4 | Escaped the Abyss
 43671 | Depths:4 | Reached XP level 23. HP: 225/233 MP: 32/32
 43702 | Depths:4 | Noticed a caustic shrike
 43711 | Depths:4 | Killed a caustic shrike
 43717 | Depths:4 | Received a gift from Okawaru
 43718 | Depths:4 | Noticed a caustic shrike
 43719 | Depths:4 | Noticed a caustic shrike
 43723 | Depths:4 | Noticed a juggernaut
 43725 | Depths:4 | Noticed a caustic shrike
 43730 | Depths:4 | Killed a caustic shrike
 43738 | Depths:4 | Killed a caustic shrike
 43748 | Depths:4 | Killed a juggernaut
 43756 | Depths:4 | Noticed a caustic shrike
 43761 | Depths:4 | Killed a caustic shrike
 43763 | Depths:4 | Killed a caustic shrike
 43764 | Depths:4 | Found a gate to the Realm of Zot.
 44221 | Depths:4 | Paralysed by a floating eye for 2 turns
 44377 | Depths:4 | Noticed a caustic shrike
 44377 | Depths:4 | Noticed a caustic shrike
 44377 | Depths:4 | Noticed a caustic shrike
 44384 | Depths:4 | Killed a caustic shrike
 44389 | Depths:4 | Killed a caustic shrike
 44389 | Depths:4 | Killed a caustic shrike
 44445 | Depths:3 | Identified the +4 quarterstaff "Kirirol" {holy, Drain rF+
                  | rC+ Int+10}
 44543 | Zig:1    | Entered Level 1 of a ziggurat
 44587 | Zig:2    | Entered Level 2 of a ziggurat
 44603 | Zig:2    | Reached skill level 15 in Armour
 44620 | Zig:3    | Entered Level 3 of a ziggurat
 44623 | Zig:3    | Noticed a Killer Klown
 44631 | Zig:3    | Killed a Killer Klown
 44665 | Zig:4    | Entered Level 4 of a ziggurat
 44667 | Zig:4    | Noticed a dread lich
 44674 | Zig:4    | Killed a dread lich
 44674 | Zig:4    | Identified the +7 morningstar "Wifoituc" {spect, rPois
                  | Int+4} (Okawaru gifted it to you on level 4 of a ziggurat)
 44674 | Zig:4    | Received a gift from Okawaru
 44705 | Zig:5    | Entered Level 5 of a ziggurat
 44709 | Zig:5    | Gained mutation: Your tail ends in a venomous barb. [a
                  | neqoxec]
 44745 | Zig:5    | Got the Dissertation on Petrous Incandescence
 45248 | Elf:1    | Entered Level 1 of the Elven Halls
 45340 | Elf:1    | Got the Papyrus of Unhallowed Arts
 45452 | Elf:1    | Identified the +4 shortbow of Koikleti {vorpal, Drain
                  | Dex+6}
 45631 | Elf:1    | Found a shimmering blue altar of Sif Muna.
 45863 | Elf:2    | Paralysed by an air elemental for 1 turns
 45866 | Elf:2    | Received a gift from Okawaru
 45894 | Elf:2    | Found a runed translucent gate.
 45895 | Elf:2    | Found a runed translucent gate.
 45895 | Elf:2    | Found a runed translucent gate.
 45920 | Elf:2    | Paralysed by an air elemental for 1 turns
 46128 | Elf:2    | Noticed Donald
 46146 | Elf:2    | Killed Donald
 46209 | Elf:2    | Reached XP level 24. HP: 240/240 MP: 32/32
 46392 | Elf:3    | Entered Level 3 of the Elven Halls
 46451 | Elf:3    | Found Weul's Book Shoppe.
 46704 | Elf:3    | Noticed Louise
 46704 | Abyss:3  | Cast into level 3 of the Abyss (Louise)
 46914 | Elf:3    | Escaped the Abyss
 46926 | Elf:3    | Killed Louise
 46966 | Elf:3    | Identified the +4 barding of the Beloved God {Drain rCorr
                  | Str+4} (Okawaru gifted it to you on level 3 of the Elven
                  | Halls)
 46966 | Elf:3    | Received a gift from Okawaru
 47219 | Elf:3    | Found the dreamshard necklace {*Dream Drain}
 47287 | Elf:3    | Got the Anthology of Jinxing and Kindling
 47291 | Elf:3    | Identified the +0 scale mail "Utacaq" {rC+ Slay+3}
 47295 | Elf:3    | Identified the +2 mace "Ockal" {vamp, rN++}
 47303 | Elf:3    | Identified the +0 pair of boots of the Lost Beasts {rC+
                  | rCorr Int+3}
 47309 | Elf:3    | Identified the +4 short sword of Valour {pain, rF+}
 47862 | Vaults:5 | Entered Level 5 of the Vaults
 47926 | Vaults:5 | Noticed an ancient lich
 47928 | Vaults:5 | Killed an ancient lich
 47938 | Vaults:5 | Identified the +0 barding of Zyguugh {*Corrode rElec Str+5
                  | Dex-3} (Okawaru gifted it to you on level 5 of the Vaults)
 47938 | Vaults:5 | Received a gift from Okawaru
 48187 | Vaults:5 | Identified the amulet "Ysyklyiw" {Spirit Rampage rElec}
 48227 | Vaults:5 | Identified the +6 great sword of Daozoschisyih {vamp,
                  | *Noise *Corrode rElec SInv}
 48234 | Vaults:5 | Noticed Jory
 48250 | Arena    | Entered the Arena
 48287 | Vaults:5 | Killed Jory
 48297 | Vaults:5 | Reached XP level 25. HP: 155/248 MP: 27/32
 48342 | Vaults:5 | Identified the +0 barding of Fashionability {Will+}
                  | (Okawaru gifted it to you on level 5 of the Vaults)
 48342 | Vaults:5 | Received a gift from Okawaru
 48379 | Vaults:5 | Lost mutation: You are agile. (Dex +4, Str/Int -1)
                  | [mutagenic glow]
 48391 | Vaults:5 | Gained mutation: You passively map a small area around you.
                  | [mutagenic glow]
 48541 | Vaults:5 | Identified the +1 ring mail of the Storm King {Harm}
 48771 | Vaults:5 | Got a silver rune of Zot
 48946 | Vaults:5 | Found Xathoet's Distillery.
 48954 | Vaults:5 | Found Syechoz's Magic Scroll Emporium.
 48955 | Vaults:5 | Bought a potion of curing for 54 gold pieces
 48955 | Vaults:5 | Bought 2 potions of heal wounds for 180 gold pieces
 48955 | Vaults:5 | Bought a potion of curing for 54 gold pieces
 48955 | Vaults:5 | Bought a potion of mutation for 144 gold pieces
 48955 | Vaults:5 | Bought a potion of flight for 54 gold pieces
 48955 | Vaults:5 | Bought a potion of curing for 54 gold pieces
 48955 | Vaults:5 | Bought 2 potions of curing for 108 gold pieces
 48955 | Vaults:5 | Bought a potion of mutation for 144 gold pieces
 48962 | Vaults:5 | Bought a scroll of enchant weapon for 127 gold pieces
 48962 | Vaults:5 | Bought a scroll of enchant weapon for 127 gold pieces
 48962 | Vaults:5 | Bought a scroll of fog for 68 gold pieces
 49120 | Vaults:5 | Found Aproirchy's Magic Scroll Shoppe.
 49120 | Vaults:5 | Found Estrod's Magic Scroll Boutique.
 49125 | Vaults:5 | Bought a scroll of blinking for 135 gold pieces
 49125 | Vaults:5 | Bought a scroll of blinking for 135 gold pieces
 49132 | Vaults:5 | Bought a scroll of teleportation for 51 gold pieces
 49132 | Vaults:5 | Bought a scroll of teleportation for 51 gold pieces
 49132 | Vaults:5 | Bought a scroll of silence for 161 gold pieces
 49139 | Vaults:5 | Found Jakhy's Distillery.
 49144 | Vaults:5 | Bought a potion of curing for 69 gold pieces
 49144 | Vaults:5 | Bought a potion of heal wounds for 115 gold pieces
 49144 | Vaults:5 | Bought a potion of berserk rage for 115 gold pieces
 49144 | Vaults:5 | Bought 2 potions of curing for 138 gold pieces
 49144 | Vaults:5 | Bought a potion of curing for 69 gold pieces
 49252 | Vaults:5 | Got the Compendium of Venin
 49782 | Snake:2  | Killed TuffENuff's ghost
 49792 | Snake:2  | Identified the +4 flail of Fataiz {drain, rF- Will++}
 50130 | Zot:1    | Entered Level 1 of the Realm of Zot
 50582 | Arena    | Entered the Arena
 50869 | Zot:1    | Noticed Parghit
 50894 | Zot:1    | Killed Parghit
 50899 | Zot:1    | Acquired 614 gold pieces
 51368 | Zot:1    | Identified the +8 mace "Giantslayer" {vorpal, rF+ Str+3}
 51847 | Zot:2    | Noticed an orb of fire
 51853 | Arena    | Entered the Arena
 51861 | Arena    | Gained mutation: You occasionally lose the ability to read
                  | scrolls when taking damage. [an orb of fire]
 51863 | Arena    | Gained mutation: You sometimes lose your temper in combat.
                  | [an orb of fire]
 51866 | Arena    | Killed an orb of fire
 51866 | Arena    | Identified the +0 hat of the Monk {rElec rF+ rC-} (Okawaru
                  | gifted it to you in the Arena)
 51866 | Arena    | Received a gift from Okawaru
 51871 | Arena    | Lost mutation: You passively map a small area around you.
                  | [potion of mutation]
 51871 | Arena    | Lost mutation: Your flesh is heat resistant. (rF+) [potion
                  | of mutation]
 51871 | Arena    | Lost mutation: You sometimes lose your temper in combat.
                  | [potion of mutation]
 51871 | Arena    | Gained mutation: You sometimes lose the ability to read
                  | scrolls when taking damage. [potion of mutation]
 51871 | Arena    | Gained mutation: Your mind is acute. (Int +4, Str/Dex -1)
                  | [potion of mutation]
 51871 | Arena    | Gained mutation: You have sharp toenails. [potion of
                  | mutation]
 51872 | Arena    | Lost mutation: You sometimes lose the ability to read
                  | scrolls when taking damage. [potion of mutation]
 51872 | Arena    | Lost mutation: You have a pair of small antennae on your
                  | head. [potion of mutation]
 51872 | Arena    | Gained mutation: Your spells are a little harder to cast,
                  | but a little more powerful. [potion of mutation]
 51872 | Arena    | Gained mutation: You have a beak for a mouth. [potion of
                  | mutation]
 51873 | Arena    | Lost mutation: Your tail ends in a venomous barb. [potion
                  | of mutation]
 51873 | Arena    | Lost mutation: You have sharp toenails. [potion of
                  | mutation]
 51873 | Arena    | Lost mutation: Your mind is acute. (Int +4, Str/Dex -1)
                  | [potion of mutation]
 51873 | Arena    | Gained mutation: Your mind is acute. (Int +4, Str/Dex -1)
                  | [potion of mutation]
 51874 | Arena    | Lost mutation: You occasionally lose the ability to read
                  | scrolls when taking damage. [potion of mutation]
 51874 | Arena    | Lost mutation: Your spells are a little harder to cast, but
                  | a little more powerful. [potion of mutation]
 51874 | Arena    | Gained mutation: You passively map a small area around you.
                  | [potion of mutation]
 51874 | Arena    | Gained mutation: Your flesh is cold resistant. (rC+)
                  | [potion of mutation]
 52946 | Zot:3    | Reached XP level 26. HP: 214/256 MP: 32/32
 54236 | Zot:4    | Received a gift from Okawaru
 54598 | Zot:5    | Entered Level 5 of the Realm of Zot
 55052 | Zot:5    | Noticed an ancient lich
 55056 | Zot:5    | Killed an ancient lich
 55079 | Zot:5    | Noticed an orb of fire
 55081 | Zot:5    | Gained mutation: You do not regenerate when monsters are
                  | visible. [an orb of fire]
 55083 | Arena    | Entered the Arena
 55089 | Arena    | Killed an orb of fire
 55092 | Arena    | Lost mutation: You passively map a small area around you.
                  | [potion of mutation]
 55092 | Arena    | Lost mutation: You do not regenerate when monsters are
                  | visible. [potion of mutation]
 55092 | Arena    | Lost mutation: Your mind is acute. (Int +4, Str/Dex -1)
                  | [potion of mutation]
 55092 | Arena    | Gained mutation: You are agile. (Dex +4, Str/Int -1)
                  | [potion of mutation]
 55092 | Arena    | Gained mutation: You have a pair of small horns on your
                  | head. [potion of mutation]
 55122 | Zot:5    | Noticed an orb of fire
 55122 | Zot:5    | Noticed a dread lich
 55126 | Zot:5    | Noticed an orb of fire
 55135 | Zot:5    | Killed an orb of fire
 55145 | Zot:5    | Killed a dread lich
 55155 | Zot:5    | Noticed an ancient lich
 55160 | Zot:5    | Killed an orb of fire
 55175 | Zot:5    | Killed an ancient lich
 55185 | Zot:5    | Noticed a dread lich
 55192 | Zot:5    | Killed a dread lich
 55283 | Zot:5    | Identified the +0 tower shield "Dyep" {rN++ Str+2 Int-2
                  | Slay+2} (Okawaru gifted it to you on level 5 of the Realm
                  | of Zot)
 55283 | Zot:5    | Received a gift from Okawaru
 55441 | Zot:5    | Noticed an orb of fire
 55451 | Zot:5    | Gained mutation: You are frail. (-10% HP) [an orb of fire]
 55454 | Zot:5    | Killed an orb of fire
 55455 | Zot:5    | Noticed an orb of fire
 55457 | Zot:5    | Noticed an ancient lich
 55470 | Zot:5    | Gained mutation: Your natural rate of healing is unusually
                  | fast. [an orb of fire]
 55472 | Zot:5    | Killed an orb of fire
 55473 | Zot:5    | Reached XP level 27. HP: 204/239 MP: 28/32
 55478 | Zot:5    | Killed an ancient lich
 55696 | Zot:5    | Got the Orb of Zot
 55964 | D:15     | Noticed Danwozahub the pandemonium lord
 55973 | D:15     | Killed Danwozahub the pandemonium lord
 55974 | D:15     | Reached skill level 27 in Fighting
 56211 | D:$      | Escaped with the Orb!

Illustrated notes

Levels and vault maps discovered:
D:1:      minmay_arrival_pointy, layout_loops_ring,
          chequers_ecumenical_altar_island, serial_bayou_crossing
D:2:      minmay_alternating_diamond, layout_basic,
          minmay_misc_feat_secret_circle, uniq_natasha
D:3:      layout_loops_ring, nicolae_uskayaw_suspiria, serial_shops,
          nicolae_shop_waterfront, reono_crystal_passage
D:4:      layout_loops_ring, mainiacjoe_overflow_alcove_2,
          minmay_temple_entry_poolview, wad_floor_pattern_1
D:5:      layout_loops_ring, mainiacjoe_overflow_tiny_flanked,
          kiku_gazebo_garden_becter
D:6:      layout_rooms, nicolae_ashenzari_skybound, uniq_maggie
D:7:      layout_basic, mainiacjoe_overflow_brackets, uniq_joseph
D:8:      layout_loops_corners, enter_bailey_6, kennysheep_nondescript,
          onia_ninara_dug_in_and_dangerous, uniq_psyche
D:9:      layout_cave_pools, hex_tiny, uniq_gastronok
D:10:     layout_layer_cave, mainiacjoe_overflow_paths, elyvilon_altar_1,
          nicolae_overflow_crystal_walls, dpeg_lair_monsters,
          chequers_serial_rivers_micro_d
D:11:     layout_roguey, erik_orc_2
D:12:     layout_loops_ring, uniq_urug
D:13:     layout_irregular_city, uniq_frances
D:14:     layout_stronghold, grunt_vaults_entry_fortified,
          serial_bayou_lagoon_a, okawaru_metal_pillars_1_2
D:15:     grunt_enter_depths_magical_seal, layout_basic, bh_walls_and_bars,
          billiards_dpeg, uniq_agnes
Temple:   hellmonk_temple_forest_ring
Lair:1:   layout_regular_city, hangedman_lair_unloving_vines, st_stairs_6,
          serial_bayou_shore_a, lemuel_fruit_tree
Lair:2:   layout_long_grid, minmay_shoals_entry_lonely_mermaid,
          minmay_snake_entry_six_corridors
Lair:3:   layout_long_grid, portal_ice_cave_entry_imps,
          gammafunk_ghost_abyssal_escape, basic_altar,
          infiniplex_staircase_pool_2, uniq_prince_ribbit2
Lair:4:   layout_misc_corridors, minmay_slime_entry_eyes, st_stairs_11
Lair:5:   due_jungle_book, layout_cave_pods, nzn_sisyphean_effort, uniq_nessos
Shoals:1: layout_shoals, gammafunk_ghost_necromancy, dpeg_stationary_puzzle,
          uniq_roxanne, uniq_josephine
Shoals:2: layout_shoals, serial_shops, bzr_in_the_mist
Shoals:3: dreamdust_from_the_deep, layout_shoals,
          hellmonk_ghost_happy_afterlife, nicolae_shoals_wave_tunnel,
          uniq_polyphemus
Shoals:4: shoals_end_simple, layout_shoals, ebering_ghost_inner_flame,
          uniq_bai_suzhen
Snake:1:  layout_onion_interference, nicolae_snake_slithery_hallway,
          st_stairs_9, minmay_shoptagon, serial_bayou_shore_b, uniq_mlioglotl
Snake:2:  layout_onion_interference, ebering_ghost_xom,
          nicolae_snake_coiling_death
Snake:3:  layout_cave_town, serial_bayou_shore_b, minmay_shop_star
Snake:4:  snake_pit, layout_cave_town, nicolae_snake_salamander_fort
Orc:1:    layout_diamond_mine
Orc:2:    st_orc_pillars, layout_caves, gauntlet_entry_generic
Elf:1:    layout_rooms, basic_altar, minmay_elf_necromancy,
          corexii_hall_statues_u, grunt_megastairs_3
Elf:2:    nicolae_elf_blades_crystal_corner, layout_geoelf_octagon, uniq_donald
Elf:3:    minmay_elf_hall_statues, layout_geoelf_octagon, serial_shops,
          nicolae_shop_behind_doors, uniq_louise
Vaults:1: portal_desolation_entry_holy_temple, dpeg_vaults_monster_row,
          v_pattern_1, nicolae_vaults_mini_display_case,
          dpeg_vaults_monster_box, kb_rosetta, nicolae_vaults_three_branches,
          grunt_vaults_focal, hangedman_vaults_slither,
          nicolae_vaults_little_ls, ontoclasm_vaults_ring_small,
          vaults_room_stairs_pillars, layout_vaults_big_room
Vaults:2: nicolae_vaults_twisting_passages, ontoclasm_vaults_spin,
          nicolae_vaults_quadrants, hangedman_vaults_nails,
          grunt_vaults_bifocal, hangedman_vaults_unwind, v_misc_25,
          vaults_room_pool, vaults_mumra_chevron, v_alt_pattern_3,
          vaults_room_pools, vaults_room_grid, layout_vaults_maze_snakey,
          uniq_nikola
Vaults:3: vaults_mumra_hex, v_misc_26, hangedman_vaults_slice,
          dpeg_vaults_hating_casters, nicolae_vaults_specimen_jars, v_misc_30,
          nicolae_vaults_what_the_h, vaults_room_pools, layout_vaults_omnigrid,
          dummy_crypt_entry, serial_shops, shop
Vaults:4: hangedman_vaults_capsules, nicolae_vaults_big_angled_halls,
          hangedman_vaults_snaps, hangedman_vaults_locks, ontoclasm_vaults_chip,
          vaults_room_fancy_cross, sword_in_stone, v_rooms_2,
          hangedman_vaults_nails, ontoclasm_vaults_loading_screen,
          vaults_room_hallway, ontoclasm_vaults_pinch, layout_vaults_ring
Vaults:5: serial_shops, uniq_jory
Depths:1: layout_long_grid, enter_ziggurat_d, special_room [special_room_jelly],
          kennysheep_flooded_box, hell_entry, nicolae_shop_sticking_my_neck_out
Depths:2: hangedman_box_tower, layout_cave_pools, hell_entry, pan_entry,
          chequers_jeans
Depths:3: minmay_connected_boxes_in_corner, layout_honeycomb,
          minmay_room_of_horrors, doesnt_xom_only_xom, hell_entry,
          minmay_shop_grove, infiniplex_staircase_x, firewood_loft,
          grunt_megastairs_1
Depths:4: grunt_runaround [grunt_runaround_doors_1, grunt_runaround_doors_2,
          grunt_runaround_doors_3, grunt_runaround_doors_4,
          grunt_runaround_zot], hell_entry, abyss_entry, pan_entry, uniq_sojobo
Zot:1:    layout_misc_corridors, st_large_dragon_hoard_4, uniq_parghit
Zot:2:    layout_misc_corridors, grunt_ministairs_4, amethyst_zot_foddershock
Zot:3:    layout_gridlike, uniq_josephina
Zot:4:    layout_gridville, st_stairs_14, skrybe_zot_glass_1
Zot:5:    layout_cellular_growth

Skill      XL: |  1  2  3  4  5  6  7  8  9 10 11 12 13 14 15 16 17 18 19 20 21 22 23 24 25 26 27 |
---------------+----------------------------------------------------------------------------------+-----
Maces & Flails | 3 4 5 6 7 9 12 14 15 16 | 16.0
Fighting       | 4 7 10 12 14 17 19 20 22 24 26 27 | 27.0
Invocations    | 5 9 12 | 12.0
Shields        | 8 12 13 15 16 21 | 21.7
Dodging        | 9 13 15 16 20 22 | 22.4
Armour         | 5 12 15 | 15.0

Action                   |  1- 3 |  4- 6 |  7- 9 | 10-12 | 13-15 | 16-18 | 19-21 | 22-24 | 25-27 || total
-------------------------+-------+-------+-------+-------+-------+-------+-------+-------+-------++-------
Melee: Flail             |    97 |    58 |       |       |       |       |       |       |       ||   155
       Tailslap          |     9 |    13 |    31 |   142 |   323 |   441 |   383 |   377 |   291 ||  2010
       Whip              |       |    62 |   212 |   682 |       |       |       |       |       ||   956
       Demon whip        |       |       |       |    67 |  1421 |  1623 |       |       |       ||  3111
       Eveningstar       |       |       |       |       |       |    63 |  1058 |  1215 |   852 ||  3188
       Peck              |       |       |       |       |       |       |       |       |   233 ||   233
       Headbutt          |       |       |       |       |       |       |       |       |    92 ||    92
Invok: Heroism           |       |       |       |     5 |     9 |    16 |     5 |    13 |     8 ||    56
       Finesse           |       |       |       |       |     4 |     2 |     4 |    10 |     8 ||    28
       Duel              |       |       |       |       |       |     2 |     2 |     1 |     3 ||     8
 Abil: Rolling Charge    |    21 |    45 |    30 |    73 |   124 |   134 |   148 |   165 |   131 ||   871
Evoke: Wand              |       |       |     8 |       |       |       |     1 |       |       ||     9
       Phial of floods   |       |       |       |       |       |       |     1 |       |       ||     1
  Use: Scroll            |     2 |    12 |     4 |    10 |    23 |     9 |     7 |     7 |     7 ||    81
       Potion            |       |       |     4 |     2 |     7 |    13 |     2 |    10 |    18 ||    56
 Stab: Petrified         |       |       |       |       |     1 |       |       |       |       ||     1
       Paralysed         |       |       |       |       |     1 |       |       |       |       ||     1
       Sleeping          |       |       |       |       |     1 |       |       |       |       ||     1
Armor: Scale mail        |    38 |       |       |       |       |       |       |       |       ||    38
       Ring mail         |     3 |    37 |    10 |       |       |       |       |       |       ||    50
       Swamp dragon scal |       |       |    36 |   135 |   268 |   445 |   242 |       |       ||  1126
       Leather armour    |       |       |       |       |    20 |       |       |       |       ||    20
       Gold dragon scale |       |       |       |       |       |       |    33 |   407 |   354 ||   794
Dodge: Dodged            |    30 |    30 |    39 |   181 |   342 |   521 |   301 |   248 |   240 ||  1932
Block: Buckler           |    12 |     9 |       |   157 |   337 |   472 |       |       |       ||   987
       Kite shield       |       |     1 |    64 |     6 |       |       |       |       |       ||    71
       Reflection        |       |       |       |     7 |    20 |    47 |       |       |       ||    74
       Tower shield      |       |       |       |       |   211 |   691 |  1083 |  1108 |   856 ||  3949
       Rpst.: Demon whip |       |       |       |       |   216 |   314 |       |       |       ||   530
       Eveningstar       |       |       |       |       |       |    15 |   403 |   389 |   298 ||  1105
